 Dungeon Crawl Stone Soup version 0.17.1-2-g5865329 (webtiles) character file.

11 ololoev the Skirmisher (level 2, 16/24 HPs)
             Began as a Demonspawn Fighter on Feb 9, 2016.
             Quit the game on level 2 of the Dungeon.
             The game lasted 00:00:40 (156 turns).

ololoev the Skirmisher (Demonspawn Fighter)          Turns: 156, Time: 00:00:40

Health: 16/24      AC:  6    Str: 16    XL:     2   Next: 17%
Magic:  2/2        EV:  6    Int:  9    God:
Gold:   16         SH:  8    Dex: 14    Spells: 0 memorised, 1 level left

rFire  + . .     SeeInvis .     a - +0 war axe
rCold  . . .     Clarity  .     b - +0 scale mail
rNeg   . . .     SustAt   .     c - +0 shield
rPois  .         Gourm    .     (no helmet)
rElec  .         Spirit   .     (no cloak)
rCorr  .         Warding  .     (no gloves)
rMut   .         Stasis   .     (no boots)
MR     .....                    (no amulet)
Stlth  +.........               (no ring)
                                f - ring of protection from fire

@: not resistant to hostile enchantments, very unstealthy
A: thin skeletal structure 1
a: no special abilities


Innate Abilities, Weirdness & Mutations

You have a somewhat thin skeletal structure (Dex +2, Stealth).

Inventory:

Hand Weapons
 a - a +0 war axe (weapon)
Armour
 b - a +0 scale mail (worn)
 c - a +0 shield (worn)
Jewellery
 f - a ring of protection from fire (left hand)
Scrolls
 h - a scroll of blinking {unknown}
 i - a scroll of recharging {unknown}
Potions
 d - a potion of might
 g - 2 potions of curing {unknown}
Comestibles
 e - a bread ration


   Skills:
 - Level 3.0 Fighting
 * Level 2.2 Axes
 + Level 3.0 Armour
 - Level 2.6 Shields


You had one spell level left.
You didn't know any spells.


You were on level 2 of the Dungeon.
You were not hungry.

You visited 1 branch of the dungeon, and saw 2 of its levels.

You collected 16 gold pieces.

#####.####.#
#.# #.####
#.####....#
##.......#.##
#..#####....#
#.##._.##...#
#.†##'##..#.#
#.........#.#
#.8.....8@#.#
##..8.8...#.#
.........#.#.#
##########.#.#
#.#.# #.#.#
#.#.# #.#.#
#.#.#

Notes
Turn   | Place    | Note
--------------------------------------------------------------
     0 | D:1      | ololoev the Demonspawn Fighter began the quest for the Orb.
     0 | D:1      | Reached XP level 1. HP: 18/18 MP: 1/1
   101 | D:2      | Gained mutation: You have a somewhat thin skeletal structure (Dex +2, Stealth). [demonic ancestry]
   101 | D:2      | Reached XP level 2. HP: 13/24 MP: 2/2
   103 | D:2      | Found a glowing silver altar of Zin.
   156 | D:2      | Quit the game

Dungeon Overview and Level Annotations

Branches:
Dungeon (2/15)

Altars:
Zin


Message History

You climb downwards.
There is a stone staircase leading up here.
An adder comes into view.
You miss the adder. You block the adder's attack.
You slash the adder!
The adder is almost dead.
You block the adder's attack. The adder bites you.
Your shield and scale mail prevent you from hitting the adder.
The adder is almost dead.
The adder bites you but does no damage. You block the adder's attack.
Your shield and scale mail prevent you from hitting the adder.
The adder is almost dead.
You block the adder's attack. The adder bites you but does no damage.
You closely miss the adder.
The adder is almost dead.
The adder bites you. The adder bites you but does no damage.
You barely miss the adder.
The adder is almost dead.
The adder barely misses you. The adder bites you.
You are too injured to fight recklessly!
You are too injured to fight recklessly!
You are too injured to fight recklessly!
You slash the adder!
You kill the adder!
Your Axes skill increases to level 2!
You have reached level 2!
Your demonic ancestry asserts itself...
Your bones become slightly less dense.
You open the door.
Found a glowing silver altar of Zin.
There is an open door here.
A giant gecko comes into view.
The giant gecko bites you but does no damage.
The giant gecko bites you.
You miss the giant gecko. You block the giant gecko's attack.
The giant gecko closely misses you.
You slash the giant gecko!
You kill the giant gecko!
Your Armour skill increases to level 3!
Are you sure you want to abandon this character and quit the game? (Confirm with "yes".)

There were no monsters in sight!

Vanquished Creatures
  An adder (D:2)
  A giant gecko (D:2)
  A giant newt (D:1)
3 creatures vanquished.

Action                   || total
-------------------------++-------
Melee: War axe           ||    11

Vault maps used:
D:1:      ncdulo_smallfort, minmay_misc_feat_rows
D:2:      zin_statuary, uniq_terence
